| TOP OF THE 1ST |
|
Reno Aces batting - Pitching for Colorado Springs Sky Sox : RHP Andrew Ferrell
|
|
Pitching: RHP Andrew Ferrell
|
|
|
Batting: LHB Willie Gutierrez
|
0-0: Foul Ball, location: 2F 0-1: Called Strike 0-2: Ball 1-2: Ground out 4-3 (Groundball, 4, EV 90.0 MPH)
|
|
Batting: RHB Jesus Galvan
|
0-0: Ball 1-0: Foul Ball, location: 2F 1-1: Called Strike 1-2: Ball 2-2: Ball 3-2: Base on Balls
|
|
Batting: LHB Bobby Arevalo
|
0-0: Called Strike 0-1: Ball 1-1: Called Strike Jesus Galvan steals 2nd, throwing error, E2 Jesus Galvan to third 1-2: Foul Ball, location: 2F 1-2: Foul Ball, location: 2F 1-2: Strikes out swinging
|
|
Batting: LHB Soo-yeon Kym
|
0-0: Ball 1-0: Called Strike 1-1: Fly out, F9 (Flyball, 9S, EV 89.4 MPH)
|
| Top of the 1st over - 0 runs, 0 hits, 1 error, 1 left on base; Reno 0 - Colorado Springs 0 |
| BOTTOM OF THE 1ST |
|
Colorado Springs Sky Sox batting - Pitching for Reno Aces : RHP Chad Pfeiffer
|
|
Pitching: RHP Chad Pfeiffer
|
|
|
Batting: LHB Steve Gilliam
|
0-0: Called Strike 0-1: SINGLE (Groundball, 34D, EV 104.4 MPH) (infield hit)
|
|
Batting: LHB Iehohs Inatho
|
0-0: Called Strike 0-1: Ball 1-1: Ball 2-1: Ball 3-1: Foul Ball, location: 2F 3-2: Foul Ball, location: 2F 3-2: Strikes out looking Steve Gilliam steals 2nd base Batter strikes out.
|
|
Batting: LHB Michael Krott
|
0-0: Foul Ball, location: 2F 0-1: Ball 1-1: Fly out, F9 (Flyball, 9D, EV 100.0 MPH) Runner from 2nd tags up, SAFE at 3rd, no throw by RF
|
|
Batting: SHB Chris Besselman
|
0-0: Ground out 5-3 (Groundball, 56, EV 101.9 MPH)
|
| Bottom of the 1st over - 0 runs, 1 hit, 0 errors, 1 left on base; Reno 0 - Colorado Springs 0 |
| TOP OF THE 2ND |
|
Reno Aces batting - Pitching for Colorado Springs Sky Sox : RHP Andrew Ferrell
|
|
Batting: RHB Enrique Juarez
|
0-0: SOLO HOME RUN (Flyball, 7LD, EV 98.8 MPH), Distance : 363 ft
|
|
Batting: RHB Danny Gerardo
|
0-0: Ball 1-0: Ball 2-0: Ball 3-0: Called Strike 3-1: Foul Ball, location: 2F 3-2: Foul Ball, location: 2F 3-2: Base on Balls
|
|
Batting: RHB Edgar Garcia
|
0-0: Ball 1-0: Foul Ball, location: 2F 1-1: Ball 2-1: Swinging Strike 2-2: Strikes out swinging
|
|
Batting: LHB Brad Ritter
|
0-0: Called Strike 0-1: Ball 1-1: Ball 2-1: Foul Ball, location: 2F 2-2: Strikes out swinging
|
|
Batting: RHB Justin Aslinger
|
0-0: Called Strike 0-1: Ball 1-1: Foul Ball, location: 2F 1-2: Foul Ball, location: 2F 1-2: Strikes out swinging
|
| Top of the 2nd over - 1 run, 1 hit, 0 errors, 1 left on base; Reno 1 - Colorado Springs 0 |
| BOTTOM OF THE 2ND |
|
Colorado Springs Sky Sox batting - Pitching for Reno Aces : RHP Chad Pfeiffer
|
|
Batting: RHB Kevin Tangeman
|
0-0: SINGLE (Groundball, 6MD, EV 105.0 MPH)
|
|
Batting: LHB Luke Coulter
|
0-0: Called Strike 0-1: Called Strike 0-2: Ball 1-2: Foul Ball, location: 2F 1-2: Foul Ball, location: 2F 1-2: Ball Pickoff Throw to First - Out! 1-3 CS 2-2: Foul Ball, location: 2F 2-2: Strikes out swinging
|
|
Batting: RHB John Boyer
|
0-0: Swinging Strike 0-1: Ball 1-1: Ball 2-1: Ball 3-1: Base on Balls
|
|
Batting: RHB Maurice Moore
|
0-0: Ball 1-0: Swinging Strike 1-1: Called Strike 1-2: Strikes out swinging
|
| Bottom of the 2nd over - 0 runs, 1 hit, 0 errors, 1 left on base; Reno 1 - Colorado Springs 0 |
| TOP OF THE 3RD |
|
Reno Aces batting - Pitching for Colorado Springs Sky Sox : RHP Andrew Ferrell
|
|
Batting: LHB Willie Gutierrez
|
0-0: Called Strike 0-1: Ball 1-1: Ball 2-1: Ball 3-1: Base on Balls
|
|
Batting: RHB Jesus Galvan
|
0-0: Foul Ball, location: 2F 0-1: Foul Ball, location: 2F 0-2: Ball 1-2: Strikes out swinging
|
|
Batting: LHB Bobby Arevalo
|
0-0: Called Strike 0-1: Ball 1-1: Ball 2-1: Ball 3-1: Foul Ball, location: 2F 3-2: 2-RUN HOME RUN (Flyball, 78XD, EV 110.0 MPH), Distance : 432 ft
|
|
Batting: LHB Soo-yeon Kym
|
0-0: Ground out 6-3 (Groundball, 6M, EV 101.2 MPH)
|
|
Batting: RHB Enrique Juarez
|
0-0: Called Strike 0-1: Called Strike 0-2: Ground out 6-3 (Groundball, 6, EV 78.1 MPH)
|
| Top of the 3rd over - 2 runs, 1 hit, 0 errors, 0 left on base; Reno 3 - Colorado Springs 0 |
| BOTTOM OF THE 3RD |
|
Colorado Springs Sky Sox batting - Pitching for Reno Aces : RHP Chad Pfeiffer
|
|
Batting: RHB Pei Xie
|
0-0: Swinging Strike 0-1: Called Strike 0-2: Ball 1-2: Strikes out looking
|
|
Batting: LHB Steve Gilliam
|
0-0: Ball 1-0: Foul Ball, location: 2F 1-1: Ball 2-1: Foul Ball, location: 2F 2-2: Ground out 4-3 (Groundball, 4, EV 105.0 MPH)
|
|
Batting: LHB Iehohs Inatho
|
0-0: Called Strike 0-1: Swinging Strike 0-2: Strikes out swinging
|
| Bottom of the 3rd over - 0 runs, 0 hits, 0 errors, 0 left on base; Reno 3 - Colorado Springs 0 |
| TOP OF THE 4TH |
|
Reno Aces batting - Pitching for Colorado Springs Sky Sox : RHP Andrew Ferrell
|
|
Batting: RHB Danny Gerardo
|
0-0: Ball 1-0: Ball 2-0: Ball 3-0: Called Strike 3-1: Swinging Strike 3-2: Base on Balls
|
|
Batting: RHB Edgar Garcia
|
0-0: Called Strike 0-1: Ball 1-1: Foul Ball, location: 2F 1-2: Grounds into double play, 4-6-3 (Groundball, 34S, EV 86.2 MPH)
|
|
Batting: LHB Brad Ritter
|
0-0: Foul Ball, location: 2F 0-1: Foul Ball, location: 2F 0-2: Ball 1-2: Strikes out swinging
|
| Top of the 4th over - 0 runs, 0 hits, 0 errors, 0 left on base; Reno 3 - Colorado Springs 0 |
| BOTTOM OF THE 4TH |
|
Colorado Springs Sky Sox batting - Pitching for Reno Aces : RHP Chad Pfeiffer
|
|
Batting: LHB Michael Krott
|
0-0: Swinging Strike 0-1: Swinging Strike 0-2: Foul Ball, location: 2F 0-2: Foul Ball, location: 2F 0-2: Strikes out looking
|
|
Batting: SHB Chris Besselman
|
0-0: Ground out 6-3 (Groundball, 6, EV 101.9 MPH)
|
|
Batting: RHB Kevin Tangeman
|
0-0: Foul Ball, location: 2F 0-1: Ball 1-1: Foul Ball, location: 2F 1-2: Ball 2-2: Strikes out swinging
|
| Bottom of the 4th over - 0 runs, 0 hits, 0 errors, 0 left on base; Reno 3 - Colorado Springs 0 |
| TOP OF THE 5TH |
|
Reno Aces batting - Pitching for Colorado Springs Sky Sox : RHP Andrew Ferrell
|
|
Batting: RHB Justin Aslinger
|
0-0: Called Strike 0-1: Foul Ball, location: 2F 0-2: Ball 1-2: SINGLE (Groundball, 5D, EV 101.9 MPH)
|
|
Batting: LHB Willie Gutierrez
|
0-0: Ball Justin Aslinger is caught stealing 2nd base 2-6 1-0: Ball 2-0: Called Strike 2-1: Ball 3-1: Base on Balls
|
|
Batting: RHB Jesus Galvan
|
0-0: Ball 1-0: Swinging Strike 1-1: Ball 2-1: Ball 3-1: Base on Balls Willie Gutierrez to second
|
|
Batting: LHB Bobby Arevalo
|
0-0: Called Strike 0-1: Swinging Strike 0-2: Ball 1-2: Strikes out swinging
|
|
Pitching: RHP Zach Sommer
|
|
|
Batting: LHB Soo-yeon Kym
|
0-0: Ball 1-0: Ball 2-0: SINGLE (Groundball, 4MD, EV 103.8 MPH) Willie Gutierrez to third Jesus Galvan to second Runner from 3rd tries for Home, SAFE, throw by CF to home
|
|
Batting: RHB Enrique Juarez
|
0-0: Called Strike 0-1: Fly out, F8 (Line Drive, 8RD, EV 85.6 MPH)
|
| Top of the 5th over - 1 run, 2 hits, 0 errors, 2 left on base; Reno 4 - Colorado Springs 0 |
| BOTTOM OF THE 5TH |
|
Colorado Springs Sky Sox batting - Pitching for Reno Aces : RHP Chad Pfeiffer
|
|
Batting: LHB Luke Coulter
|
0-0: Called Strike 0-1: Ground out 4-3 (Groundball, 34D, EV 96.2 MPH)
|
|
Batting: RHB John Boyer
|
0-0: Ground out 1-3 (Groundball, 13S, EV 61.2 MPH)
|
|
Batting: RHB Maurice Moore
|
0-0: Called Strike 0-1: Called Strike 0-2: Fly out, F9 (Flyball, 9, EV 97.5 MPH)
|
| Bottom of the 5th over - 0 runs, 0 hits, 0 errors, 0 left on base; Reno 4 - Colorado Springs 0 |
| TOP OF THE 6TH |
|
Reno Aces batting - Pitching for Colorado Springs Sky Sox : RHP Zach Sommer
|
|
Batting: RHB Danny Gerardo
|
0-0: Ball 1-0: Called Strike 1-1: SINGLE (Groundball, 4D, EV 106.9 MPH)
|
|
Batting: RHB Edgar Garcia
|
0-0: Ball 1-0: Swinging Strike 1-1: Called Strike 1-2: Foul Ball, location: 2F 1-2: Ball 2-2: Foul Ball, location: 2F 2-2: Ball 3-2: Foul Ball, location: 2F 3-2: Fly out, F8 (Line Drive, 8RM, EV 97.5 MPH)
|
|
Batting: LHB Brad Ritter
|
0-0: Called Strike 0-1: Fly out, F7 (Flyball, 7D, EV 93.8 MPH)
|
|
Batting: RHB Justin Aslinger
|
0-0: Called Strike 0-1: Ball 1-1: Ground out U3 (Groundball, 34S, EV 78.1 MPH)
|
| Top of the 6th over - 0 runs, 1 hit, 0 errors, 1 left on base; Reno 4 - Colorado Springs 0 |
| BOTTOM OF THE 6TH |
|
Colorado Springs Sky Sox batting - Pitching for Reno Aces : RHP Chad Pfeiffer
|
|
Batting: RHB Pei Xie
|
0-0: Ball 1-0: Ground out U3 (Groundball, 3, EV 85.0 MPH)
|
|
Batting: LHB Steve Gilliam
|
0-0: Called Strike 0-1: Ball 1-1: Foul Ball, location: 2F 1-2: Ball 2-2: Fly out, F9 (Flyball, 9D, EV 87.5 MPH)
|
|
Batting: LHB Iehohs Inatho
|
0-0: Ball 1-0: Ball 2-0: Called Strike 2-1: Ball 3-1: Ground out U3 (Groundball, 34S, EV 93.1 MPH)
|
| Bottom of the 6th over - 0 runs, 0 hits, 0 errors, 0 left on base; Reno 4 - Colorado Springs 0 |
| TOP OF THE 7TH |
|
Reno Aces batting - Pitching for Colorado Springs Sky Sox : RHP Zach Sommer
|
|
Pitching: RHP Jim Micaletti
|
|
|
Batting: LHB Willie Gutierrez
|
0-0: Ground out 5-3 (Groundball, 6, EV 78.8 MPH)
|
|
Batting: RHB Jesus Galvan
|
0-0: Ball 1-0: Ball 2-0: Ball 3-0: Called Strike 3-1: Foul Ball, location: 2F 3-2: Base on Balls
|
|
Batting: LHB Bobby Arevalo
|
0-0: Called Strike Jesus Galvan steals 2nd base (no throw) 0-1: Called Strike 0-2: Ball 1-2: Fly out, F5 (Popup, 25, EV 86.9 MPH)
|
|
Batting: LHB Soo-yeon Kym
|
0-0: Ball 1-0: Ball 2-0: Foul Ball, location: 2F 2-1: Ball 3-1: Called Strike 3-2: Base on Balls
|
|
Batting: RHB Enrique Juarez
|
0-0: Fly out, F7 (Flyball, 7, EV 90.6 MPH)
|
| Top of the 7th over - 0 runs, 0 hits, 0 errors, 2 left on base; Reno 4 - Colorado Springs 0 |
| BOTTOM OF THE 7TH |
|
Colorado Springs Sky Sox batting - Pitching for Reno Aces : RHP Chad Pfeiffer
|
|
Batting: LHB Michael Krott
|
0-0: SINGLE (Flyball, 34D, EV 86.2 MPH)
|
|
Batting: SHB Chris Besselman
|
0-0: Called Strike 0-1: SINGLE (Line Drive, 7S, EV 96.2 MPH) Michael Krott to second
|
|
Batting: RHB Kevin Tangeman
|
0-0: SINGLE (Flyball, 78S, EV 90.6 MPH) Michael Krott to third Chris Besselman to second
|
|
Batting: LHB Luke Coulter
|
0-0: Foul Ball, location: 2F 0-1: Grounds into double play, 3-6-3 (Groundball, 3, EV 81.9 MPH) Michael Krott scores Chris Besselman to third
|
|
Batting: RHB John Boyer
|
0-0: Ball 1-0: Foul Ball, location: 2F 1-1: Foul Ball, location: 2F 1-2: Ball 2-2: Ground out 5-3 (Groundball, 56S, EV 85.6 MPH)
|
| Bottom of the 7th over - 1 run, 3 hits, 0 errors, 1 left on base; Reno 4 - Colorado Springs 1 |
| TOP OF THE 8TH |
|
Reno Aces batting - Pitching for Colorado Springs Sky Sox : RHP Jim Micaletti
|
|
Pitching: RHP Vas Karamyshev
|
|
|
Batting: RHB Danny Gerardo
|
0-0: Ball 1-0: Foul Ball, location: 2F 1-1: Foul Ball, location: 2F 1-2: Strikes out looking
|
|
Batting: RHB Edgar Garcia
|
0-0: Swinging Strike 0-1: Ball 1-1: Ground out U3 (Groundball, 34, EV 81.9 MPH)
|
|
Batting: LHB Brad Ritter
|
0-0: Called Strike 0-1: Ball 1-1: Called Strike 1-2: Strikes out swinging
|
| Top of the 8th over - 0 runs, 0 hits, 0 errors, 0 left on base; Reno 4 - Colorado Springs 1 |
| BOTTOM OF THE 8TH |
|
Colorado Springs Sky Sox batting - Pitching for Reno Aces : RHP Chad Pfeiffer
|
|
Batting: RHB Maurice Moore
|
0-0: Foul Ball, location: 2F 0-1: Ball 1-1: Ground out U3 (Groundball, 3, EV 82.5 MPH)
|
|
Batting: RHB Pei Xie
|
0-0: Ball 1-0: Ground out 6-3 (Groundball, 56D, EV 104.4 MPH)
|
|
Batting: LHB Steve Gilliam
|
0-0: Ball 1-0: Foul Ball, location: 2F 1-1: Swinging Strike 1-2: Strikes out swinging
|
| Bottom of the 8th over - 0 runs, 0 hits, 0 errors, 0 left on base; Reno 4 - Colorado Springs 1 |
| TOP OF THE 9TH |
|
Reno Aces batting - Pitching for Colorado Springs Sky Sox : RHP Vas Karamyshev
|
|
Pitching: LHP Kyle Mearkle
|
|
|
Batting: RHB Justin Aslinger
|
0-0: Called Strike 0-1: Foul Ball, location: 2F 0-2: Foul Ball, location: 2F 0-2: Strikes out swinging
|
|
Batting: LHB Willie Gutierrez
|
0-0: Ball 1-0: Called Strike 1-1: Foul Ball, location: 2F 1-2: Ball 2-2: Foul Ball, location: 2F 2-2: Ball 3-2: Base on Balls
|
|
Batting: RHB Jesus Galvan
|
0-0: Ball 1-0: Ball 2-0: Ball 3-0: Called Strike 3-1: Called Strike 3-2: Strikes out swinging
|
|
Batting: LHB Bobby Arevalo
|
0-0: Ball 1-0: Ball 2-0: Called Strike 2-1: Foul Ball, location: 2F 2-2: Reached on error, E6 (Groundball, 6, EV 90.0 MPH) Willie Gutierrez to second
|
|
Batting: LHB Soo-yeon Kym
|
0-0: Ground out 5-3 (Groundball, 56S, EV 79.4 MPH)
|
| Top of the 9th over - 0 runs, 0 hits, 1 error, 2 left on base; Reno 4 - Colorado Springs 1 |
| BOTTOM OF THE 9TH |
|
Colorado Springs Sky Sox batting - Pitching for Reno Aces : RHP Chad Pfeiffer
|
|
Pitching: RHP Mike Osgood
|
|
|
Batting: LHB Iehohs Inatho
|
0-0: Foul Ball, location: 2F 0-1: Foul Ball, location: 2F 0-2: Strikes out swinging
|
|
Batting: LHB Michael Krott
|
0-0: Ball 1-0: Ball 2-0: Ground out 6-3 (Groundball, 4M, EV 78.1 MPH)
|
|
Batting: SHB Chris Besselman
|
0-0: Ball 1-0: Ball 2-0: SINGLE (Groundball, 6MD, EV 99.4 MPH)
|
|
Batting: RHB Kevin Tangeman
|
0-0: Called Strike 0-1: Foul Ball, location: 2F 0-2: Ball 1-2: Foul Ball, location: 2F 1-2: Foul Ball, location: 2F 1-2: Ball 2-2: Foul Ball, location: 2F 2-2: Ball 3-2: Base on Balls Chris Besselman to second
|
|
Batting: LHB Luke Coulter
|
0-0: Ball 1-0: Foul Ball, location: 2F 1-1: Ball 2-1: Fly out, F8 (Flyball, 8LD, EV 98.1 MPH)
|
| Bottom of the 9th over - 0 runs, 1 hit, 0 errors, 2 left on base; Reno 4 - Colorado Springs 1 |
|